 Dungeon Crawl Stone Soup version 0.27-a0-1036-g8e1b44f6bd (webtiles) character file.

Game seed: 16278614160878476648

121 streetpizza the Ducker (level 5, -13/40 HPs)
             Began as a Djinni Gladiator on Apr 18, 2021.
             Mangled by a gnoll shaman
             ... wielding a +0 quarterstaff
              (14 damage)
             ... on level 4 of the Dungeon.
             The game lasted 00:08:22 (3388 turns).

streetpizza the Ducker (Djinni Gladiator)           Turns: 3388, Time: 00:08:23

Health: -13/40     AC:  4    Str: 13    XL:     5   Next: 5%
Gold:   183        EV: 13    Int: 11    God:
                   SH:  0    Dex: 14

rFire    + + .     SeeInvis .   v - +0 short sword (elec)
rCold    x . .     Faith    .   (no shield)
rNeg     . . .     Spirit   .   b - +0 leather armour
rPois    ∞         Reflect  .   c - +0 helmet
rElec    .         Harm     .   (no cloak)
rCorr    .         Rampage  .   (no gloves)
Will     .....                  (boots unavailable)
Stlth    +.........             (no amulet)
HPRegen  0.13/turn              (no ring)
MPRegen  0.00/turn              (no ring)

@: lit by a corona, flying, glowing
A: fire resistance 2, cold vulnerability 1, float, innate caster, hp casting,
extra vitality 1
a: no special abilities


You were on level 4 of the Dungeon.
You visited 1 branch of the dungeon, and saw 4 of its levels.

You collected 183 gold pieces.

Inventory:

Hand Weapons
 a - a +0 long sword
 v - a +0 short sword of electrocution (weapon)
Missiles
 d - 3 throwing nets (quivered)
 i - an atropa-tipped dart
 u - 8 javelins
Armour
 b - a +0 leather armour (worn)
 c - a +0 helmet (worn)
 e - a +0 kite shield
Jewellery
 w - a ring of fire
Wands
 s - a wand of iceblast (26)
Scrolls
 f - 2 scrolls of vulnerability {unknown}
 g - 3 scrolls of identify {unknown}
 k - a scroll of fog {unknown}
 l - 3 scrolls of teleportation {unknown}
 n - a scroll of magic mapping {unknown}
 p - a scroll of enchant armour {unknown}
 r - a scroll of holy word {unknown}
 t - a scroll of acquirement {unknown}
 x - a scroll of fear {unknown}
Potions
 h - a potion of berserk rage {unknown}
 j - 2 potions of brilliance {unknown}
 m - a potion of invisibility {unknown}
 o - a potion of curing {unknown}
 q - a potion of heal wounds {unknown}


   Skills:
 + Level 3.0 Fighting
 + Level 3.4 Long Blades
 - Level 1.5 Throwing
 + Level 4.1 Dodging
 + Level 1.5 Spellcasting


You had 4 spell levels left.
You knew the following spells:

 Your Spells              Type           Power      Damage    Failure   Level
a - Corona                Hex            4%         N/A       21%         1
b - Poisonous Vapours     Pois/Air       8%         N/A       30%         2
Your spell library was empty.

Dungeon Overview and Level Annotations

Branches:
Dungeon (4/15)
 Temple: D:4-7

Altars:
Ru
Zin

Annotations:
D:4 2 runed translucent doors, noodleboyJ's ghost, amateur DsCK


Innate Abilities, Weirdness & Mutations

You are immune to poison.
Your flesh is very heat resistant. (rF++)
You are vulnerable to cold. (rC-)
You float through the air rather than walking.
You learn spells naturally, not from books.
Your magical power is your life essence.
You have superior vitality. (+4 HP)


Message History

You throw an atropa-tipped dart.
The atropa-tipped dart barely misses the gnoll shaman.
The gnoll shaman hits you with a +0 quarterstaff!
Throw: 3 darts (atropa)
Press: ? - help, Shift-Dir - straight line, f/p - gnoll shaman
Aim: a gnoll shaman, wielding a +0 quarterstaff and wearing a +0 chain mail (70% to hit, chance to blind on hit: 75%)
You throw an atropa-tipped dart.
The atropa-tipped dart barely misses the gnoll shaman.
The gnoll shaman mumbles some strange prayers to its god against you.
You are outlined in light.
Hit: v) +0 short sword (elec)
Press: ? - help, Dir - move target, f/p - gnoll shaman
Aim: a gnoll shaman, wielding a +0 quarterstaff and wearing a +0 chain mail (about 27% to evade your +0 short sword of electrocution)
Okay, then.
Throw: 2 darts (atropa)
Press: ? - help, Shift-Dir - straight line, f/p - gnoll shaman
Aim: a gnoll shaman, wielding a +0 quarterstaff and wearing a +0 chain mail (70% to hit, chance to blind on hit: 80%)
You throw an atropa-tipped dart.
The atropa-tipped dart hits the gnoll shaman.
The gnoll shaman appears confused.
The gnoll shaman seems less confused.
The gnoll shaman hits you with a +0 quarterstaff.
You strike the helpless gnoll shaman from behind!
You hit the gnoll shaman.
Lightning courses through the gnoll shaman!
The gnoll shaman is severely wounded.
The gnoll shaman hits you with a +0 quarterstaff!
You hit the gnoll shaman but do no damage.
The gnoll shaman is severely wounded.
The gnoll shaman hits you with a +0 quarterstaff!
* * * LOW HITPOINT WARNING * * *
You hit the gnoll shaman but do no damage.
The gnoll shaman is severely wounded.
The gnoll shaman is no longer blind.
The gnoll shaman closely misses you.
You barely miss the gnoll shaman.
The gnoll shaman is severely wounded.
The gnoll hits you from afar with a +0 spear.
* * * LOW HITPOINT WARNING * * *
The gnoll shaman hits you with a +0 quarterstaff!
You die...

...##..#.............##
......................#####
#..##.##.########.#####....
##..#....##.#≈b≈#.#≈..#...#
.......#....#.≈≈#.#P≈≈#..## .
.##........##.≈.#.#.≈≈##..#
.#.#.........####.≈≈#.#≈.P#...#
##.#.##......:..(.#l≈.#.#≈≈≈#....
........#######.@g#≈≈.#.#.≈≈#..##
........###≈.###(.#≈.l#.#...#).##
........ #≈#.W#g###.ll#.#≈..#..##
....... ##.:8.#...#≈≈b#.#.≈≈#..#.
##.#.# #.|...+.(.#####.#####....
.....#####..#≈+.....# #........##
.......##≈..≈≈#.....###....).....
........###...#................##
........##.##≈#g....#####....#.##


You could see a gnoll shaman, a gnoll and a frilled lizard.

Vanquished Creatures
  4 adders
  A worm (D:2)
  4 dart slugs
  7 ball pythons
  5 bats
  9 endoplasms
  11 goblins
  5 hobgoblins
  6 jackals
  A quokka (D:1)
  3 frilled lizards
  9 kobolds
  4 rats (D:1)
69 creatures vanquished.

Vanquished Creatures (others)
  9 fungi (D:4)
9 creatures vanquished.

Grand Total: 78 creatures vanquished

Notes
Turn   | Place    | Note
-------+----------+-------------------------------------------
     0 | D:1      | streetpizza the Djinni Gladiator began the quest for the
                  | Orb.
     0 | D:1      | Reached XP level 1. HP: 18/18 MP: 0/0
    93 | D:1      | Reached XP level 2. HP: 13/23 MP: 0/0
   652 | D:1      | Reached XP level 3. HP: 21/29 MP: 0/0
   652 | D:1      | Learned a level 1 spell: Corona
  1024 | D:1      | Reached skill level 1 in Spellcasting
  1271 | D:2      | Found a glowing silver altar of Zin.
  2005 | D:3      | Reached XP level 4. HP: 32/34 MP: 0/0
  2389 | D:3      | Reached skill level 4 in Dodging
  2894 | D:4      | Found a large runed translucent door.
  2894 | D:4      | Found a large runed translucent door.
  2916 | D:4      | Found a glowing silver altar of Zin.
  2981 | D:4      | Noticed noodleboyJ's ghost (amateur DsCK)
  3329 | D:4      | Found a sacrificial altar of Ru.
  3343 | D:4      | Reached XP level 5. HP: 40/40 MP: 0/0
  3343 | D:4      | Learned a level 2 spell: Poisonous Vapours
  3388 | D:4      | HP: 1/40 [gnoll/+0 spear (4)]
  3388 | D:4      | Mangled by a gnoll shaman

Illustrated notes

Levels and vault maps discovered:
D:1:      lightli_arrival_statue_moat, layout_rooms
D:2:      layout_loops_ring, basic_altar, chequers_arboretum
D:3:      layout_loops_ring
D:4:      layout_rooms, nicolae_ru_path_of_blood, zin_academy,
          ebering_ghost_disaster_area, serial_aquarium, aquarium_bridge_straight
          [aquarium_subvault_bridge, aquarium_subvault_window,
          aquarium_subvault_bridge, aquarium_subvault_wall],
          aquarium_window_corridor_1, aquarium_window_2, aquarium_window_corner,
          aquarium_view_4, aquarium_balcony_1b, uniq_blork_the_orc

Skill      XL: |  1  2  3  4 |
---------------+-------------+-----
Long Blades    | 3 |  3.4
Spellcasting   | 1 |  1.5
Dodging        | 4 |  4.1
Fighting       | 3 |  3.0
Throwing       | |  1.5

Action                   |  1- 3 |  4- 6 || total
-------------------------+-------+-------++-------
Melee: Long sword        |   118 |    49 ||   167
       Short sword       |       |    21 ||    21
Throw: Dart              |       |     3 ||     3
 Cast: Corona            |     3 |       ||     3
 Stab: Sleeping          |       |     1 ||     1
       Invisible         |       |     1 ||     1
Armor: Leather armour    |    36 |    16 ||    52
Dodge: Dodged            |    67 |    60 ||   127
       Rpst.: Long sword |    23 |    19 ||    42

Table legend: (Time is in decaauts)
 A = Elapsed time spent in this place.
 B = Non-inter-level travel time spent in this place.
 C = Inter-level travel time spent in this place.
 D = Time resting spent in this place.
 E = Time spent auto-exploring this place.
 F = Levels seen in this place.
 G = Mean time per level.
                   A        B        C        D        E       F      G
               +--------+--------+--------+--------+--------+-----+--------+
         Total |   3428 |   3319 |    109 |      7 |   2687 |   4 |  857.0 |
       Dungeon |   3428 |   3319 |    109 |      7 |   2687 |   4 |  857.0 |
               +--------+--------+--------+--------+--------+-----+--------+

Top non-repeatable levels by time:
     D:1: 1252 daAuts
     D:3: 833 daAuts
     D:2: 773 daAuts
     D:4: 568 daAuts
